 Dungeon Sprint DCSS version 0.27-a0-797-g27d10ad80f (webtiles) character file.

Game seed: 10231718301174787387

744 mhtbhm the Basher (level 7, -1/120 HPs)
             Began as a Troll Berserker on Mar 27, 2021.
             Was an Elder of Trog.
             Slain by an eight-headed hydra (5 damage)
             ... in the Dungeon (Sprint IX: "|||||||||||||||||||||||||||||").
             The game lasted 00:00:32 (278 turns).

mhtbhm the Basher (Troll Berserker)                  Turns: 278, Time: 00:00:32

Health: -1/120     AC:  7    Str: 28    XL:     7   Next: 47%
Magic:  6/6        EV: 11    Int:  3    God:    Trog [****..]
Gold:   0          SH:  0    Dex: 12    Spells: 6/6 levels left

rFire    . . .     SeeInvis .   a - +2 dire flail (vorpal)
rCold    . . .     Faith    .   (shield currently unavailable)
rNeg     . . .     Spirit   .   b - +0 animal skin
rPois    .         Reflect  .   (helmet restricted)
rElec    .         Harm     .   k - +0 cloak
rCorr    .         Rampage  .   (gloves unavailable)
Will     .....     NoTele   +   (boots unavailable)
Stlth    ..........             (no amulet)
HPRegen  1.30/turn              l - +2 ring of protection
MPRegen  0.10/turn              m - +3 ring of dexterity

@: berserking, very quick
A: large, unfitting armour, claws 3, regeneration 1, shaggy fur 1, tough skin 1
a: Renounce Religion, Berserk, Trog's Hand, Brothers in Arms


You were in the Dungeon.
You worshipped Trog.
Trog was greatly pleased with you.
You visited 1 branch

Inventory:

Hand Weapons
 a - a +2 vorpal dire flail (weapon)
Armour
 b - a +0 animal skin (worn)
 k - a +0 cloak (worn)
Jewellery
 l - a +2 ring of protection (left claw)
 m - a +3 ring of dexterity (right claw)
Wands
 j - a wand of iceblast (9)
Scrolls
 h - 2 scrolls of blinking
Potions
 c - 5 potions of curing
 d - 3 potions of heal wounds
 e - a potion of haste
 f - 4 potions of magic
 g - a potion of berserk rage
 i - a potion of invisibility


   Skills:
 + Level 8.1 Fighting
 + Level 11.2 Maces & Flails
 + Level 5.9 Dodging
 + Level 0.6 Stealth


You had 6 spell levels left.
You didn't know any spells.
Your spell library was empty.

Dungeon Overview and Level Annotations

Branches:
Dungeon (1/1)

Altars:
Cheibriados
Dithmenos
Elyvilon
Fedhas
Gozag
Hepliaklqana
Kikubaaqudgha
Makhleb
Nemelex Xobeh
Okawaru
Qazlal
Ru
Sif Muna
Trog
Uskayaw
Vehumet
Wu Jian
Xom
Yredelemnul
Zin
The Shining One
Beogh
Jiyva
Lugonu


Innate Abilities, Weirdness & Mutations

You are too large for most types of armour.
You have claws for hands.
Your natural rate of healing is unusually fast.
You are covered in fur. (AC +1)
You have tough skin. (AC +1)


Message History

Things that are here:
a +0 dagger; a +0 robe; a komodo dragon corpse You start waiting.
You recover from your berserk rage.
As you open the door, it creaks loudly!
A basilisk, a hydra, a manticore, a slime creature, a vampire mosquito and an ugly thing come into view.
The basilisk hisses angrily.
The eight-headed hydra roars!
The vampire mosquito buzzes angrily.
The green ugly thing gurgles horribly!
The slime creature quivers.
Okay, then.
Aiming: Iceblast
Press: ? - help, Shift-Dir - straight line, f - eight-headed hydra
Aim: an eight-headed hydra The mass of ice explodes!
The iceblast engulfs the eight-headed hydra!
The eight-headed hydra is lightly wounded.
The iceblast engulfs the vampire mosquito!
The vampire mosquito is heavily damaged.
Unknown command.
A red film seems to cover your vision as you go berserk!
You feel yourself moving faster!
You feel mighty! The eight-headed hydra bites you.
The eight-headed hydra bites you!
The eight-headed hydra barely misses you.
The eight-headed hydra closely misses you.
The eight-headed hydra bites you! x3; The eight-headed hydra bites you.
Trog will no longer gift you weapons.
You bludgeon the eight-headed hydra!!
The eight-headed hydra is heavily wounded.
The eight-headed hydra bites you! x3
* * * LOW HITPOINT WARNING * * *
The eight-headed hydra bites you!
* * * LOW HITPOINT WARNING * * *
The eight-headed hydra bites you!
* * * LOW HITPOINT WARNING * * *
The eight-headed hydra bites you.
* * * LOW HITPOINT WARNING * * *
The eight-headed hydra bites you!
* * * LOW HITPOINT WARNING * * *
The eight-headed hydra bites you.
You die...

▓l▓
▓J▓
▓.▓
▓u▓
▓H▓
▓y▓
▓D▓
▓@▓
▓.▓
▓.▓
▓.▓
▓.▓
▓)▓
▓†▓
▓.▓
▓.▓


You could see an eight-headed hydra, a green ugly thing, a slime creature, a
manticore, a basilisk and a vampire mosquito.

Vanquished Creatures
  A komodo dragon (D)
  2 yaks (D)
  An ice beast (D)
  A howler monkey (D)
  An orc wizard (D)
  2 adders (D)
  A gnoll (D)
  An adder skeleton (D)
  An endoplasm (D)
  A giant cockroach (D)
  A hobgoblin (D)
  A ball python (D)
  A ball python skeleton (D)
  A quokka zombie (D)
16 creatures vanquished.

Notes
Turn   | Place    | Note
-------+----------+-------------------------------------------
     0 | D        | mhtbhm the Troll Berserker began the quest for the Orb.
     0 | D        | Reached XP level 1. HP: 22/22 MP: 0/0
    10 | D        | Reached skill level 3 in Maces & Flails
    13 | D        | Reached ** piety under Trog
    27 | D        | Reached XP level 2. HP: 21/31 MP: 1/1
    41 | D        | Noticed an ice beast
    48 | D        | Reached *** piety under Trog
    49 | D        | Reached skill level 4 in Maces & Flails
    53 | D        | Killed an ice beast
    54 | D        | Reached skill level 5 in Fighting
    54 | D        | Reached skill level 6 in Maces & Flails
    54 | D        | Reached XP level 3. HP: 42/42 MP: 2/2
    54 | D        | Reached XP level 4. HP: 50/50 MP: 3/3
    64 | D        | Found a snail-covered altar of Cheibriados.
    64 | D        | Found a shadowy altar of Dithmenos.
    64 | D        | Found a white marble altar of Elyvilon.
    64 | D        | Found a blossoming altar of Fedhas.
    64 | D        | Found an opulent altar of Gozag.
    65 | D        | Found a hazy altar of Hepliaklqana.
    66 | D        | Found a viscous altar of Jiyva.
    67 | D        | Found an ancient bone altar of Kikubaaqudgha.
    68 | D        | Found a corrupted altar of Lugonu.
    69 | D        | Found a burning altar of Makhleb.
    70 | D        | Found a sparkling altar of Nemelex Xobeh.
    71 | D        | Found an iron altar of Okawaru.
    72 | D        | Found a stormy altar of Qazlal.
    73 | D        | Found a sacrificial altar of Ru.
    74 | D        | Found a shimmering blue altar of Sif Muna.
    75 | D        | Found a bloodstained altar of Trog.
    76 | D        | Found a hide-covered altar of Uskayaw.
    77 | D        | Found a radiant altar of Vehumet.
    78 | D        | Found an ornate altar of the Wu Jian Council.
    79 | D        | Found a shimmering altar of Xom.
    80 | D        | Found a basalt altar of Yredelemnul.
    81 | D        | Found a glowing silver altar of Zin.
    82 | D        | Found a glowing golden altar of the Shining One.
   217 | D        | Noticed a komodo dragon
   217 | D        | Noticed a yak
   217 | D        | Noticed a yak
   223 | D        | Killed a yak
   223 | D        | Reached **** piety under Trog
   224 | D        | Reached skill level 8 in Maces & Flails
   224 | D        | Reached skill level 5 in Dodging
   224 | D        | Reached XP level 5. HP: 61/61 MP: 4/4
   224 | D        | Reached XP level 6. HP: 68/68 MP: 5/5
   229 | D        | Reached skill level 9 in Maces & Flails
   230 | D        | Killed a yak
   231 | D        | Reached skill level 10 in Maces & Flails
   236 | D        | Killed a komodo dragon
   237 | D        | Reached skill level 11 in Maces & Flails
   237 | D        | Reached XP level 7. HP: 74/80 MP: 6/6
   238 | D        | Reached ***** piety under Trog
   275 | D        | Noticed a basilisk
   275 | D        | Noticed a slime creature
   275 | D        | Noticed a green ugly thing
   275 | D        | Noticed a manticore
   275 | D        | Noticed an eight-headed hydra
   275 | D        | Noticed a vampire mosquito
   278 | D        | HP: 4/120 [eight-headed hydra (12)]
   278 | D        | Slain by an eight-headed hydra

Illustrated notes

Levels and vault maps discovered:
D:        linesprint [early_d, line_temple, items_1, d_10, items_2, lair_1,
          lair_end, items_3, orc_1, orc_end, items_4, d_15, swamp_1, shoals_1,
          snake_1, spider_1, d_20, vaults_1, items_5, swamp_end, shoals_end,
          snake_end, spider_end, vaults_end, d_27, items_6, zot_1, zot_end,
          crypt_end, forest_end, elf_end, slime_end, tomb_end, abyss_end,
          pan_hell_end]

Skill      XL: |  1  2  3  4  5  6 |
---------------+-------------------+-----
Maces & Flails | 3 6 8 11 | 11.2
Fighting       | 3 5 6 8 |  8.1
Dodging        | 3 4 5 |  5.9
Stealth        | |  0.6

Action                   |  1- 3 |  4- 6 |  7- 9 || total
-------------------------+-------+-------+-------++-------
Melee: Mace              |    34 |     4 |       ||    38
       Dire flail        |       |    17 |     3 ||    20
Invok: Berserk           |     1 |     1 |     1 ||     3
Evoke: Wand              |       |       |     1 ||     1
Armor: Animal skin       |     8 |     1 |       ||     9
Dodge: Dodged            |    14 |     5 |     3 ||    22

Table legend: (Time is in decaauts)
 A = Elapsed time spent in this place.
 B = Non-inter-level travel time spent in this place.
 C = Inter-level travel time spent in this place.
 D = Time resting spent in this place.
 E = Time spent auto-exploring this place.
 F = Levels seen in this place.
 G = Mean time per level.
                   A        B        C        D        E       F      G
               +--------+--------+--------+--------+--------+-----+--------+
         Total |    289 |    289 |      0 |    146 |      0 |   1 |  289.0 |
       Dungeon |    289 |    289 |      0 |    146 |      0 |   1 |  289.0 |
               +--------+--------+--------+--------+--------+-----+--------+

Top non-repeatable levels by time:
       D: 289 daAuts
